 Dungeon Crawl Stone Soup version 0.29-a0-100-g60f898f876 (webtiles) character file.

Game seed: 2339457557333930039

1 drugrobin the Grasshopper (level 1, 0/17 HPs)
             Began as a Demigod Warper on Feb 15, 2022.
             Succumbed to a kobold's poison
             ... on level 1 of the Dungeon.
             The game lasted 00:00:09 (38 turns).

drugrobin the Grasshopper (Demigod Warper)            Turns: 38, Time: 00:00:10

Health: 0/17       AC:  3    Str: 12    XL:     1   Next: 13%
Magic:  5/5        EV: 11    Int: 15    God:
Gold:   40         SH:  0    Dex: 13    Spells: 3/3 levels left

rFire   . . .      SeeInvis .   a - +0 spear
rCold   . . .      Faith    .   (no shield)
rNeg    . . .      Spirit   .   b - +0 leather armour
rPois   .          Reflect  .   (no helmet)
rElec   .          Harm     .   (no cloak)
rCorr   .          Rampage  .   (no gloves)
Will    .....                   (no boots)
Stlth   +.........              (no amulet)
HPRegen 0.05/turn               (no ring)
MPRegen 0.09/turn               (no ring)

@: lethally poisoned (0 -> -14)
A: high MP 1, forlorn, divine attributes
a: no special abilities


You were on level 1 of the Dungeon.
You visited 1 branch of the dungeon, and saw 1 of its levels.

You collected 40 gold pieces.

Inventory:

Hand Weapons
 a - a +0 spear (weapon)
Missiles
 d - 5 boomerangs of dispersal (quivered)
Armour
 b - a +0 leather armour (worn)
Scrolls
 c - a scroll of blinking


   Skills:
 - Level 1.7 Fighting
 + Level 1.9 Polearms
 - Level 0.8 Throwing
 - Level 0.8 Armour
 - Level 1.7 Dodging
 - Level 1.7 Spellcasting
 - Level 2.6 Translocations


You had 3 spell levels left.
You didn't know any spells.
Your spell library contained the following spells:

 Spells                   Type           Power      Damage    Failure   Level
 Blink                    Tloc           18%        N/A       14%         2
 Gell's Gravitas          Tloc           9%         N/A       28%         3
 Lesser Beckoning         Tloc           9%         N/A       28%         3
 Teleport Other           Tloc           9%         N/A       28%         3
 Manifold Assault         Tloc           9%         N/A       95%         5


Dungeon Overview and Level Annotations

Branches:
Dungeon (1/15)


Innate Abilities, Weirdness & Mutations

You have an increased reservoir of magic. (+10% MP)
You shall have no god before yourself.
Your divine heritage dramatically boosts your attributes as you level up.


Message History

Press ? for a list of commands and other information.
Found 29 gold pieces.
Found an escape hatch in the floor.
Found a staircase leading out of the dungeon.
Found a long sword.
You now have 20 gold pieces.
You now have 27 gold pieces (gained 7).
You now have 40 gold pieces (gained 13).
A ball python comes into view.
The ball python hisses angrily.
A kobold comes into view.
It is wielding a +1 short sword of venom.
The kobold shouts!
The ball python bites you but does no damage.
The ball python closely misses you.
Reach: a) +0 spear
Press: ? - help, Dir - move target
Okay, then.
You hit the ball python but do no damage.
The ball python barely misses you. x2
You hit the ball python.
You kill the ball python!
The kobold misses you.
You closely miss the kobold. The kobold misses you.
You hit the kobold but do no damage.
The kobold hits you with a +1 short sword of venom.
You are poisoned.
You closely miss the kobold.
You feel very sick. The kobold closely misses you.
You hit the kobold but do no damage.
You feel very sick.
The kobold hits you with a +1 short sword of venom.
You closely miss the kobold.
You feel sick. The kobold barely misses you.
You barely miss the kobold.
* * * LOW HITPOINT WARNING * * *
You feel sick.
The kobold hits you with a +1 short sword of venom.
* * * LOW HITPOINT WARNING * * *
You are more poisoned.
You closely miss the kobold.
You die...

######### #.......# ..
############.......##..
.......................
......................
###....####.......#
#....# #.......# #....#
#.......## #...@#
#........#### #...K#
##........... #....#
#........... #....#
###......... #....#
##.......# #.....
#§§§§≈..# ###.##
#.≈§§§§.# .. #.≈§§≈≈.#
#.§§§§≈.#


You could see a kobold.

Vanquished Creatures
  A ball python (D:1)
1 creature vanquished.

Notes
Turn   | Place    | Note
-------+----------+-------------------------------------------
     0 | D:1      | drugrobin the Demigod Warper began the quest for the Orb.
     0 | D:1      | Reached XP level 1. HP: 17/17 MP: 5/5
    38 | D:1      | Succumbed to a kobold's poison

Illustrated notes

Levels and vault maps discovered:
D:1:      lemuel_arrival_lava_pool, layout_basic, serial_shops, shop,
          hellmonk_ecumenical_altar_lost_god, minivault_4,
          chequers_serial_rivers_micro_e

Action                   || total
-------------------------++-------
Melee: Spear             ||     9
Armor: Leather armour    ||     1
Dodge: Dodged            ||     7

Table legend: (Time is in decaauts)
 A = Elapsed time spent in this place.
 B = Non-inter-level travel time spent in this place.
 C = Inter-level travel time spent in this place.
 D = Time resting spent in this place.
 E = Time spent auto-exploring this place.
 F = Levels seen in this place.
 G = Mean time per level.
                   A        B        C        D        E       F      G
               +--------+--------+--------+--------+--------+-----+--------+
         Total |     38 |     38 |      0 |      0 |     23 |   1 |   38.0 |
       Dungeon |     38 |     38 |      0 |      0 |     23 |   1 |   38.0 |
               +--------+--------+--------+--------+--------+-----+--------+

Top non-repeatable levels by time:
     D:1: 38 daAuts
